 Seeded DCSS version 0.31.0-32-g396128a36d (webtiles) character file.

Game seed: 10529181055078163265 (custom seed)

74 timneilson the Sneak (level 4, -5/25 HPs)
             Began as a Kobold Enchanter on Apr 4, 2024.
             Slain by a black bear (7 damage)
             ... on level 3 of the Dungeon.
             The game lasted 00:03:36 (1675 turns).

timneilson the Sneak (Kobold Enchanter)             Turns: 1675, Time: 00:03:36

Health: -5/25      AC:  3    Str:  5    XL:     4   Next: 54%
Magic:  7/7        EV: 16    Int: 22    God:
Gold:   116        SH:  0    Dex: 17    Spells: 7/7 levels left

rFire   . . .        e - +8 arc blade {discharge, rElec}
rCold   . . .        (no shield)
rNeg    . . .        b - +0 robe
rPois   .            (no helmet)
rElec   +            (no cloak)
rCorr   .            (no gloves)
SInv    .            d - +0 pair of boots
Will    .....        (no amulet)
Stlth   ++++         h - +6 ring of intelligence
HPRegen 0.24/turn    (no ring)
MPRegen 0.10/turn

%: no passive effects
@: no status effects
A: small, no large weapons, nightstalker 3
a: no special abilities


You were on level 3 of the Dungeon.
You visited 1 branch of the dungeon, and saw 3 of its levels.

You collected 116 gold pieces.

Inventory:

Hand Weapons
 e - the +8 arc blade (weapon) {discharge, rElec}
   (You found it on level 2 of the Dungeon)

   rElec:     It insulates you from electricity.
 g - a +3 short sword of venom
Armour
 b - a +0 robe (worn)
 d - a +0 pair of boots (worn)
Jewellery
 h - a +6 ring of intelligence (left hand)
Scrolls
 a - 3 scrolls of identify
 j - a scroll of amnesia {unknown}
Potions
 c - 2 potions of invisibility
 f - a potion of attraction
 i - a potion of enlightenment {unknown}


   Skills:
 + Level 1.2 Fighting
 * Level 3.0 Short Blades
 + Level 0.9 Armour
 * Level 3.6 Dodging
 + Level 4.4 Stealth
 - Level 2.1 Spellcasting
 - Level 3.0 Hexes


You had 7 spell levels left.
You didn't know any spells.
Your spell library contained the following spells:

 Spells                   Type           Power      Damage    Failure   Level
 Ensorcelled Hibernation  Hex/Ice        16%        N/A       11%         2
 Confusing Touch          Hex            15%        N/A       12%         3
 Tukima's Dance           Hex            15%        N/A       12%         3
 Dazzling Flash           Conj/Hex       16%        N/A       22%         3


Dungeon Overview and Level Annotations

Branches:
Dungeon (3/15)

Altars:

Shops:
D:2 *


Innate Abilities, Weirdness & Mutations

You are small and have problems with some larger weapons.
You are completely attuned to the shadows.


Message History

The jackal misses you.
You barely miss the jackal. The jackal bites you. The jackal barely misses you.
You hit the jackal but do no damage.
The arc blade crackles.
The jackal is struck by an arc of lightning!
You kill the jackal!
The jackal is struck by an arc of lightning.
You kill the jackal!
You resist.
You are struck by an arc of lightning.
A black bear comes into view.
Your Short Blades skill increases to level 3!
You hit the black bear.
The black bear is lightly wounded.
The black bear bites you!
The black bear claws you but does no damage.
The black bear completely misses you.
You hit the black bear.
The black bear is moderately wounded.
The black bear closely misses you. The black bear claws you. x2
You closely miss the black bear.
The black bear is moderately wounded.
The black bear bites you!
* * * LOW HITPOINT WARNING * * *
The black bear closely misses you. The black bear completely misses you.
You hit the black bear but do no damage.
The black bear is moderately wounded.
The black bear bites you but does no damage.
The black bear claws you but does no damage.
The black bear barely misses you.
Unknown command.
You puncture the black bear!
The black bear is heavily wounded.
The black bear closely misses you. The black bear barely misses you.
The black bear claws you.
* * * LOW HITPOINT WARNING * * *
The black bear barely misses you. The black bear misses you.
The black bear barely misses you.
You completely miss the black bear.
The black bear is heavily wounded.
The black bear bites you!
You die...

#........... #..........#
...<.. ..######..........#
.....# ....@h.#..........#
.....# #...##.........†..#
.....##### #.#.####.##.#...###
.........####....###.##.#.#..#
..##...#.....#.#.##...#...##.#
..####..####............... ..
....###.#######.#..........
.)#........####.#.........
...........................


You could see a black bear.

Vanquished Creatures
  2 adders (D:2)
  An adder zombie (D:3)
  A dart slug (D:2)
  A ribbon worm (D:2)
  An orc (D:2)
  6 ball pythons
  8 bats
  3 endoplasms
  4 hobgoblins
  3 jackals (D:3)
  2 quokkas
  A frilled lizard (D:1)
  A giant cockroach zombie (D:3)
  6 goblins
  2 kobolds
  4 rats
46 creatures vanquished.

Notes
Turn   | Place    | Note
-------+----------+-------------------------------------------
     0 | D:1      | timneilson the Kobold Enchanter began the quest for the
                  | Orb.
     0 | D:1      | Reached XP level 1. HP: 10/10 MP: 3/3
   187 | D:1      | Reached XP level 2. HP: 16/16 MP: 5/5
   467 | D:1      | Reached XP level 3. HP: 18/20 MP: 6/6
   612 | D:2      | Reached skill level 1 in Fighting
   935 | D:2      | Reached XP level 4. HP: 25/25 MP: 7/7
  1046 | D:2      | Found Paojub's General Store.
  1062 | D:2      | Found the +8 arc blade {discharge, rElec}
  1657 | D:3      | Noticed a black bear
  1675 | D:3      | Slain by a black bear

Illustrated notes

Levels and vault maps discovered:
D:1:      scummos_arrival_simple_crosswalls, layout_rooms
D:2:      layout_basic, serial_shops, nicolae_shop_tiny_statue_garden
D:3:      layout_rooms, serial_shops, shop_fountains, serial_undead,
          serial_undead_f, serial_undead_f, serial_undead_d, serial_undead_b,
          serial_undead_a, serial_undead_f, uniq_jessica

Skill      XL: |  1  2  3  4 |
---------------+-------------+-----
Short Blades   | 2 3 |  3.0
Dodging        | 3 |  3.6
Fighting       | 1 |  1.2
Armour         | |  0.9
Stealth        | |  4.4
Spellcasting   | |  2.1
Hexes          | |  3.0

Action                     |  1- 3 |  4- 6 || total
---------------------------+-------+-------++-------
  Melee: Dagger            |    29 |       ||    29
         Short sword       |    25 |     9 ||    34
         Rapier            |       |    21 ||    21
    Use: Scroll            |     1 |     4 ||     5
   Stab: Sleeping          |    17 |     7 ||    24
         Distracted        |       |     1 ||     1
 Armour: Robe              |    14 |    18 ||    32
  Dodge: Dodged            |    21 |    22 ||    43
